 Dungeon Crawl Stone Soup version 0.20-a0-1026-gc3ddcbd (webtiles) character file.

583 shaftrobin the Shield-Bearer (level 7, -1/57 HPs)
             Began as a Formicid Fighter on Apr 20, 2017.
             Slain by an unseen horror (2 damage)
             ... on level 15 of the Dungeon.
             The game lasted 00:00:32 (62 turns).

shaftrobin the Shield-Bearer (Formicid Fighter)       Turns: 62, Time: 00:00:33

Health: -1/57      AC:  7    Str: 27    XL:     7   Next: 64%
Magic:  3/7        EV:  9    Int:  8    God:
Gold:   0          SH: 11    Dex: 10    Spells: 6/6 levels left

rFire    . . .     SeeInvis +   a - +0 flail
rCold    . . .     Gourm    .   c - +0 shield
rNeg     . . .     Faith    .   b - +0 scale mail
rPois    .         Spirit   .   (helmet unavailable)
rElec    .         Reflect  .   (no cloak)
rCorr    .         Harm     .   (no gloves)
MR       .....                  (no boots)
Stlth    ..........             (no amulet)
Regen    0.2/turn               (no ring)
MPRegen  0.1/turn               (no ring)

@: mighty
A: permanent stasis, dig shafts and tunnels, four strong arms, antennae 3
a: Dig, Shaft Self


You were on level 15 of the Dungeon.
You were not hungry.

You visited 1 branch of the dungeon, and saw 9 of its levels.

Inventory:

Hand Weapons
 a - a +0 flail (weapon)
Armour
 b - a +0 scale mail (worn)
 c - a +0 shield (worn)
Comestibles
 f - a bread ration


   Skills:
 + Level 5.7 Fighting
 + Level 3.5 Maces & Flails
 + Level 5.2 Armour
 + Level 6.1 Shields


You had 6 spell levels left.
You didn't know any spells.

Dungeon Overview and Level Annotations

Branches:
Dungeon (10/15)              Lair (0/6) D:10
 Temple: D:4-7          Orc: D:9-12

Altars:


Innate Abilities, Weirdness & Mutations

You cannot be hasted, slowed, berserked, paralysed or teleported.
You can dig through walls and to a lower floor.
Your four strong arms can wield two-handed weapons with a shield.
You have a pair of large antennae on your head. (SInv)


Message History

You shout for attention!
The unseen horror hits you.
* * * LOW HITPOINT WARNING * * *
The unseen horror hits you!
* * * LOW HITPOINT WARNING * * *
The unseen horror closely misses you.
The unseen horror hits you but does no damage.
What are your orders? t - Shout!
Orders for allies: a - Attack new target. r - Retreat! s - Stop attacking. g - Guard the area. f - Follow me.
Anything else - Cancel.
You shout for attention!
You block the unseen horror's attack. The unseen horror hits you.
* * * LOW HITPOINT WARNING * * *
You block the unseen horror's attack. x2
The unseen horror hits you.
You die...

#.## ... #.. #.. #.#
#.# #x# #@######.
#........
####........
#.#######.....#####.
#....).....###
#........#.#
#..#####.#.# #.#
#.#.# .. #.#.#


You could see an unseen horror (invisible).

Vanquished Creatures
  A wizard (D:15)
  An eye of draining (D:15)
2 creatures vanquished.

Notes
Turn   | Place    | Note
-------+----------+-------------------------------------------
     0 | D:1      | shaftrobin the Formicid Fighter began the quest for the Orb.
     0 | D:1      | Reached XP level 1. HP: 18/18 MP: 1/1
     3 | D:1      | You fall through a shaft!
     6 | D:2      | You fall through a shaft!
     9 | D:3      | You fall through a shaft for 3 floors!
    12 | D:6      | You fall through a shaft for 2 floors!
    15 | D:8      | You fall through a shaft for 2 floors!
    15 | D:10     | Entered Level 10 of the Dungeon
    15 | D:10     | Found a staircase to the Lair.
    15 | D:10     | Noticed a death yak
    15 | D:10     | Noticed a porcupine
    15 | D:10     | Noticed a porcupine
    15 | D:10     | Noticed a death yak
    15 | D:10     | Noticed a porcupine
    15 | D:10     | Noticed a porcupine
    15 | D:10     | Noticed a porcupine
    17 | D:10     | Noticed a death yak
    18 | D:10     | You fall through a shaft for 2 floors!
    18 | D:12     | Noticed a wight
    18 | D:12     | Noticed a wight
    21 | D:12     | You fall through a shaft for 2 floors!
    24 | D:14     | You fall through a shaft!
    24 | D:15     | Entered Level 15 of the Dungeon
    24 | D:15     | Noticed an eye of draining
    24 | D:15     | Noticed a wizard
    34 | D:15     | Killed a wizard
    34 | D:15     | Reached skill level 5 in Fighting
    34 | D:15     | Reached skill level 5 in Armour
    34 | D:15     | Reached skill level 5 in Shields
    34 | D:15     | Reached XP level 2. HP: 4/27 MP: 0/2
    34 | D:15     | Reached XP level 3. HP: 5/33 MP: 0/3
    34 | D:15     | Reached XP level 4. HP: 6/39 MP: 0/4
    34 | D:15     | Reached XP level 5. HP: 7/44 MP: 0/5
    34 | D:15     | Reached XP level 6. HP: 8/51 MP: 0/6
    34 | D:15     | Reached XP level 7. HP: 9/56 MP: 0/7
    38 | D:15     | Reached skill level 6 in Shields
    49 | D:15     | Noticed an unseen horror
    56 | D:15     | HP: 1/57 [unseen horror (8)]
    62 | D:15     | Slain by an unseen horror

Vault maps used:
D:1:      dpeg_arrival_leaves_temple_mockup, nrook_uturn, minmay_split_cup_small
D:2:      cheibrodos_helix_gallery, uniq_sigmund
D:3:      marbit_many_paths, zin_purify
D:6:      minmay_opposing_rooms, kennysheep_little_box, fedhas_altar_3
D:8:      grunt_gozag_statues, xom_butterflies, basic_altar, hangedman_ranch,
          uniq_grum
D:10:     dpeg_lair_monsters
D:12:     serial_undead, serial_undead_d, serial_undead_e, serial_undead_f,
          serial_undead_f
D:14:     erik_vaults_1, minmay_misc_feat_x
D:15:     grunt_enter_depths_giant_problem

Skill      XL: |  1  2  3  4  5  6  7 |
---------------+----------------------+-----
Fighting       | 5 |  5.7
Maces & Flails | 3 |  3.5
Armour         | 5 |  5.2
Shields        | 5 6 |  6.1

Action                   |  1- 3 |  4- 6 |  7- 9 || total
-------------------------+-------+-------+-------++-------
Melee: Flail             |     8 |       |     4 ||    12
 Abil: Shaft Self        |     8 |       |       ||     8
  Use: Potion            |     1 |       |       ||     1
Armor: Scale mail        |     2 |       |     2 ||     4
Dodge: Dodged            |     1 |       |     1 ||     2
Block: Shield            |     1 |       |     6 ||     7
